TOP OF THE 1ST |
Austin Rangers batting - Pitching for Louisville BC : LHP Alec Pittman
|
Pitching: LHP Alec Pittman
|
|
Batting: RHB Tony Hernández
|
0-0: Called Strike 0-1: Ball 1-1: Ball 2-1: Ball 3-1: Called Strike 3-2: Fly out, F4 (Popup, 34)
|
Batting: LHB Enrique Sánchez
|
0-0: Called Strike 0-1: Ball 1-1: Ball 2-1: Called Strike 2-2: Strikes out swinging
|
Batting: SHB Carlos Kramer
|
0-0: Called Strike 0-1: Foul Ball, location: 2F 0-2: Ball 1-2: Foul Ball, location: 2F 1-2: Ball 2-2: SINGLE (Line Drive, 8RS)
|
Batting: LHB Jesús Reyes
|
0-0: Ball 1-0: Called Strike 1-1: Ball 2-1: Swinging Strike 2-2: Ball 3-2: Foul Ball, location: 2F 3-2: Foul Ball, location: 2F 3-2: Strikes out swinging
|
Top of the 1st over - 0 run(s), 1 hit(s), 0 error(s), 1 left on base; Austin 0 - Louisville 0 |
BOTTOM OF THE 1ST |
Louisville BC batting - Pitching for Austin Rangers : RHP Juan Valéncia
|
Pitching: RHP Juan Valéncia
|
|
Batting: LHB Carroll Martin
|
0-0: Reached on error, E3 (Groundball, 3S)
|
Batting: RHB José López
|
0-0: Called Strike 0-1: Foul Ball, location: 2F 0-2: Fly out, F7 (Flyball, 7LSF)
|
Batting: RHB Andrés Rodríguez
|
0-0: Ball 1-0: Ball 2-0: Called Strike 2-1: Called Strike 2-2: Strikes out swinging
|
Batting: RHB Chi-ju Zhang
|
0-0: Called Strike 0-1: Ground out 5-3 (Groundball, 56)
|
Bottom of the 1st over - 0 run(s), 0 hit(s), 1 error(s), 1 left on base; Austin 0 - Louisville 0 |
TOP OF THE 2ND |
Austin Rangers batting - Pitching for Louisville BC : LHP Alec Pittman
|
Batting: RHB Jeff Green
|
0-0: Ball 1-0: Fly out, F7 (Flyball, 78XD)
|
Batting: RHB José Muńóz
|
0-0: Ball 1-0: Ball 2-0: Called Strike 2-1: Ball 3-1: Foul Ball, location: 2F 3-2: Strikes out swinging
|
Batting: RHB Yuji Ine
|
0-0: Ground out 4-3 (Groundball, 4)
|
Top of the 2nd over - 0 run(s), 0 hit(s), 0 error(s), 0 left on base; Austin 0 - Louisville 0 |
BOTTOM OF THE 2ND |
Louisville BC batting - Pitching for Austin Rangers : RHP Juan Valéncia
|
Batting: LHB Tim Hargrove
|
0-0: Foul Ball, location: 2F 0-1: SINGLE (Flyball, 78S)
|
Batting: RHB José Lozano
|
0-0: Called Strike 0-1: Swinging Strike 0-2: Foul Ball, location: 2F 0-2: Strikes out looking
|
Batting: LHB Joram Nelen
|
0-0: Ball 1-0: Fly out, F9 (Flyball, 9M)
|
Batting: SHB Chris Williamson
|
0-0: Called Strike 0-1: Ground out 5-3 (Groundball, 5L)
|
Bottom of the 2nd over - 0 run(s), 1 hit(s), 0 error(s), 1 left on base; Austin 0 - Louisville 0 |
TOP OF THE 3RD |
Austin Rangers batting - Pitching for Louisville BC : LHP Alec Pittman
|
Batting: LHB Motoshige Kitamura
|
0-0: Ball 1-0: Swinging Strike 1-1: Ball 2-1: Fly out, F3 (Line Drive, 3S)
|
Batting: RHB Manny Freitas
|
0-0: Ball 1-0: Fly out, F7 (Flyball, 7LS)
|
Batting: RHB Tony Hernández
|
0-0: Ball 1-0: Swinging Strike 1-1: Ball 2-1: Ground out 5-3 (Groundball, 5S)
|
Top of the 3rd over - 0 run(s), 0 hit(s), 0 error(s), 0 left on base; Austin 0 - Louisville 0 |
BOTTOM OF THE 3RD |
Louisville BC batting - Pitching for Austin Rangers : RHP Juan Valéncia
|
Batting: RHB Cliff May
|
0-0: Called Strike 0-1: Ball 1-1: Fly out, F9 (Flyball, 89D)
|
Batting: LHB Carroll Martin
|
0-0: Foul Ball, location: 2F 0-1: Ball 1-1: Ball 2-1: Swinging Strike 2-2: Ball 3-2: Foul Ball, location: 2F 3-2: Base on Balls
|
Batting: RHB José López
|
0-0: Ball Carroll Martin is caught stealing 2nd base 1-0: Called Strike 1-1: Called Strike 1-2: Strikes out looking
|
Bottom of the 3rd over - 0 run(s), 0 hit(s), 0 error(s), 0 left on base; Austin 0 - Louisville 0 |
TOP OF THE 4TH |
Austin Rangers batting - Pitching for Louisville BC : LHP Alec Pittman
|
Batting: LHB Enrique Sánchez
|
0-0: Fly out, F8 (Flyball, 8LXD)
|
Batting: SHB Carlos Kramer
|
0-0: Ball 1-0: Fly out, F4 (Popup, 4MD)
|
Batting: LHB Jesús Reyes
|
0-0: Ball 1-0: Foul Ball, location: 2F 1-1: Ball 2-1: Foul Ball, location: 2F 2-2: Fly out, F7 (Flyball, 78S)
|
Top of the 4th over - 0 run(s), 0 hit(s), 0 error(s), 0 left on base; Austin 0 - Louisville 0 |
BOTTOM OF THE 4TH |
Louisville BC batting - Pitching for Austin Rangers : RHP Juan Valéncia
|
Batting: RHB Andrés Rodríguez
|
0-0: Foul Ball, location: 2F 0-1: SINGLE (Groundball, 4MD) (infield hit)
|
Batting: RHB Chi-ju Zhang
|
0-0: Ball Andrés Rodríguez is caught stealing 2nd base 1-0: Ball 2-0: Foul Ball, location: 2F 2-1: DOUBLE (Flyball, 89D)
|
Batting: LHB Tim Hargrove
|
0-0: Ball Chi-ju Zhang steals 3rd base 1-0: Ball 2-0: Foul Ball, location: 2F 2-1: Foul Ball, location: 2F 2-2: Foul Ball, location: 2F 2-2: Fly out, F4 (Popup, 34D)
|
Batting: RHB José Lozano
|
0-0: Fly out, F8 (Flyball, 8RM)
|
Bottom of the 4th over - 0 run(s), 2 hit(s), 0 error(s), 1 left on base; Austin 0 - Louisville 0 |
TOP OF THE 5TH |
Austin Rangers batting - Pitching for Louisville BC : LHP Alec Pittman
|
Batting: RHB Jeff Green
|
0-0: Ball 1-0: Ball 2-0: Ground out 6-3 (Groundball, 6)
|
Batting: RHB José Muńóz
|
0-0: Fly out, F2 (Popup, 2LF)
|
Batting: RHB Yuji Ine
|
0-0: Foul Ball, location: 2F 0-1: Ball 1-1: Ball 2-1: Foul Ball, location: 2F 2-2: Foul Ball, location: 2F 2-2: Fly out, F8 (Line Drive, 8RM)
|
Top of the 5th over - 0 run(s), 0 hit(s), 0 error(s), 0 left on base; Austin 0 - Louisville 0 |
BOTTOM OF THE 5TH |
Louisville BC batting - Pitching for Austin Rangers : RHP Juan Valéncia
|
Batting: LHB Joram Nelen
|
0-0: Swinging Strike 0-1: Foul Ball, location: 2F 0-2: Ball 1-2: Ball 2-2: Strikes out swinging
|
Batting: SHB Chris Williamson
|
0-0: Swinging Strike 0-1: Ball 1-1: Foul Ball, location: 2F 1-2: Fly out, F8 (Flyball, 8LD)
|
Batting: RHB Cliff May
|
0-0: Called Strike 0-1: Swinging Strike 0-2: Ball 1-2: Ball 2-2: Strikes out swinging
|
Bottom of the 5th over - 0 run(s), 0 hit(s), 0 error(s), 0 left on base; Austin 0 - Louisville 0 |
TOP OF THE 6TH |
Austin Rangers batting - Pitching for Louisville BC : LHP Alec Pittman
|
Batting: LHB Motoshige Kitamura
|
0-0: Ball 1-0: Swinging Strike 1-1: Foul Ball, location: 2F 1-2: Ball 2-2: Foul Ball, location: 2F 2-2: TRIPLE (Line Drive, 8RM)
|
Batting: RHB Manny Freitas
|
0-0: Called Strike 0-1: Ball 1-1: Ball 2-1: Ball 3-1: SINGLE (Groundball, 6MD) Motoshige Kitamura scores
|
Batting: RHB Tony Hernández
|
0-0: Sac Bunt - play at first, batter OUT! 2-4 Manny Freitas to second
|
Batting: LHB Enrique Sánchez
|
0-0: Called Strike 0-1: Fly out, F8 (Flyball, 8LM)
|
Batting: SHB Carlos Kramer
|
0-0: Called Strike 0-1: Called Strike 0-2: Foul Ball, location: 2F 0-2: Ball 1-2: Foul Ball, location: 2F 1-2: Strikes out swinging
|
Top of the 6th over - 1 run(s), 2 hit(s), 0 error(s), 1 left on base; Austin 1 - Louisville 0 |
BOTTOM OF THE 6TH |
Louisville BC batting - Pitching for Austin Rangers : RHP Juan Valéncia
|
Batting: LHB Carroll Martin
|
0-0: Bunt for hit - play at first, batter safe!
|
Batting: RHB José López
|
0-0: Ball 1-0: Ball 2-0: Grounds into double play, 1-6-3 (Groundball, 13S)
|
Batting: RHB Andrés Rodríguez
|
0-0: Ball 1-0: Called Strike 1-1: Ball 2-1: Ball 3-1: Base on Balls
|
Batting: RHB Chi-ju Zhang
|
0-0: Ball Andrés Rodríguez is caught stealing 2nd base
|
Bottom of the 6th over - 0 run(s), 1 hit(s), 0 error(s), 0 left on base; Austin 1 - Louisville 0 |
TOP OF THE 7TH |
Austin Rangers batting - Pitching for Louisville BC : LHP Alec Pittman
|
Batting: LHB Jesús Reyes
|
0-0: Ball 1-0: Swinging Strike 1-1: Foul Ball, location: 2F 1-2: Foul Ball, location: 2F 1-2: Ball 2-2: Ball 3-2: Fly out, F9 (Flyball, 89S)
|
Batting: RHB Jeff Green
|
0-0: Fly out, F8 (Flyball, 8LXD)
|
Batting: RHB José Muńóz
|
0-0: Ground out 6-3 (Groundball, 6M)
|
Top of the 7th over - 0 run(s), 0 hit(s), 0 error(s), 0 left on base; Austin 1 - Louisville 0 |
BOTTOM OF THE 7TH |
Louisville BC batting - Pitching for Austin Rangers : RHP Juan Valéncia
|
Batting: RHB Chi-ju Zhang
|
0-0: Ball 1-0: Called Strike 1-1: Fly out, F4 (Popup, 4D)
|
Batting: LHB Tim Hargrove
|
0-0: Ball 1-0: Ball 2-0: Called Strike 2-1: Foul Ball, location: 2F 2-2: Ball 3-2: Foul Ball, location: 2F 3-2: Foul Ball, location: 2F 3-2: Fly out, F8 (Flyball, 8RD)
|
Batting: RHB José Lozano
|
0-0: Called Strike 0-1: Ball 1-1: SINGLE (Line Drive, 6MD)
|
Batting: LHB Joram Nelen
|
0-0: Ball 1-0: Foul Ball, location: 2F 1-1: Foul Ball, location: 2F 1-2: Ground out 4-3 (Groundball, 4)
|
Bottom of the 7th over - 0 run(s), 1 hit(s), 0 error(s), 1 left on base; Austin 1 - Louisville 0 |
TOP OF THE 8TH |
Austin Rangers batting - Pitching for Louisville BC : LHP Alec Pittman
|
Batting: RHB Yuji Ine
|
0-0: Ball 1-0: Ball 2-0: Ball 3-0: Called Strike 3-1: SINGLE (Groundball, 13) (infield hit)
|
Pinch Hitting: SHB Juan Sánchez
|
0-0: Bunted foul 0-1: Bunted foul 0-2: Strikes out looking
|
Batting: RHB Manny Freitas
|
0-0: Called Strike 0-1: Grounds into double play, 5-4-3 (Groundball, 56)
|
Top of the 8th over - 0 run(s), 1 hit(s), 0 error(s), 0 left on base; Austin 1 - Louisville 0 |
BOTTOM OF THE 8TH |
Louisville BC batting - Pitching for Austin Rangers : RHP Juan Valéncia
|
Now in CF: Joseph Pate
|
|
Batting: SHB Chris Williamson
|
0-0: Called Strike 0-1: Called Strike 0-2: Strikes out looking
|
Batting: RHB Cliff May
|
0-0: Foul Ball, location: 2F 0-1: Ball 1-1: Ball 2-1: SINGLE (Line Drive, 34)
|
Batting: LHB Carroll Martin
|
0-0: Ball 1-0: Ball 2-0: Called Strike 2-1: Swinging Strike 2-2: Strikes out swinging
|
Batting: RHB José López
|
0-0: Ground out 5-3 (Groundball, 5S)
|
Bottom of the 8th over - 0 run(s), 1 hit(s), 0 error(s), 1 left on base; Austin 1 - Louisville 0 |
TOP OF THE 9TH |
Austin Rangers batting - Pitching for Louisville BC : LHP Alec Pittman
|
Batting: RHB Tony Hernández
|
0-0: Foul Ball, location: 2F 0-1: Called Strike 0-2: Foul Ball, location: 2F 0-2: Ball 1-2: Ball 2-2: Fly out, F9 (Flyball, 89M)
|
Batting: LHB Enrique Sánchez
|
0-0: Fly out, F6 (Popup, 6D)
|
Batting: SHB Carlos Kramer
|
0-0: Called Strike 0-1: SINGLE (Groundball, 13S) (infield hit)
|
Pitching: RHP Austin Stewart
|
|
Batting: LHB Jesús Reyes
|
0-0: Ground out U3 (Groundball, 3)
|
Top of the 9th over - 0 run(s), 1 hit(s), 0 error(s), 1 left on base; Austin 1 - Louisville 0 |
BOTTOM OF THE 9TH |
Louisville BC batting - Pitching for Austin Rangers : RHP Juan Valéncia
|
Now at 2B: Riley Howard
|
|
Batting: RHB Andrés Rodríguez
|
0-0: Foul Ball, location: 2F 0-1: Foul Ball, location: 2F 0-2: Ball 1-2: Ball 2-2: Ball 3-2: Ground out 5-3 (Groundball, 5)
|
Batting: RHB Chi-ju Zhang
|
0-0: Ground out 6-3 (Groundball, 6)
|
Batting: LHB Tim Hargrove
|
0-0: Swinging Strike 0-1: Called Strike 0-2: Foul Ball, location: 2F 0-2: Ball 1-2: Ball 2-2: Foul Ball, location: 2F 2-2: Strikes out swinging
|
Bottom of the 9th over - 0 run(s), 0 hit(s), 0 error(s), 0 left on base; Austin 1 - Louisville 0 |
|